 Dungeon Crawl Stone Soup version 0.18-a0-1024-gf1736fb (webtiles) character file.

1752 Ijustatesigmund the Envoy of Void (level 8, -1/64 HPs)
             Began as a Demonspawn Abyssal Knight on Jan 7, 2016.
             Was a High Priest of Lugonu.
             Slain by a killer bee (5 damage)
             ... on level 8 of the Dungeon.
             The game lasted 00:28:05 (7643 turns).

Ijustatesigmund the Envoy of Void (DsAK)            Turns: 7643, Time: 00:28:05

Health: -1/64      AC:  9    Str: 13    XL:     8   Next: 78%
Magic:  3/13       EV: 10    Int: 13    God:    Lugonu [*****.]
Gold:   275        SH:  7    Dex: 15    Spells: 0 memorised, 7 levels left

rFire  + . .     SeeInvis .     i - +0 flail
rCold  . . .     Gourm    .     r - +0 ring mail
rNeg   . . .     Faith    .     l - +0 buckler
rPois  .         Spirit   .     (helmet restricted)
rElec  .         Dismiss  .     m - +1 cloak
rCorr  +         Reflect  +     (no gloves)
SustAt .         Harm     .     u - +0 pair of boots
MR     .....                    j - +2 amulet of reflection
Stlth  +.........               a - ring of resist corrosion
                                h - ring of flight

@: drained, not resistant to hostile enchantments, very unstealthy
A: horns 1, icy blue scales 1, fire resistance 1, powered by pain 2
a: Depart the Abyss, Bend Space, Banish, Corrupt, Enter the Abyss, Renounce
Religion, Evoke Flight


You were on level 8 of the Dungeon.
You worshipped Lugonu.
Lugonu was extremely pleased with you.
You were very hungry.

You visited 1 branch of the dungeon, and saw 8 of its levels.
You visited the Abyss 1 time.

You collected 420 gold pieces.
You spent 145 gold pieces at shops.

Inventory:

Hand Weapons
 i - a +0 flail (weapon)
Missiles
 x - 184 stones (quivered)
Armour
 l - a +0 buckler (worn)
 m - a +1 cloak (worn)
 r - a +0 ring mail (worn)
 u - a +0 pair of boots (worn)
Jewellery
 a - a ring of resist corrosion (right hand)
 e - a +5 ring of intelligence
 f - an uncursed amulet of rage
 h - a ring of flight (left hand)
 j - a +2 amulet of reflection (around neck)
 q - an uncursed amulet of guardian spirit
Wands
 w - a wand of disintegration (6/24)
Scrolls
 k - 2 scrolls of remove curse
 n - 2 scrolls of recharging
Potions
 b - a potion of magic
 z - 2 potions of brilliance
Comestibles
 c - 7 bread rations
 d - 2 beef jerkies
 o - 3 meat rations


   Skills:
 + Level 6.1(5.8) Fighting
 + Level 6.8(6.6) Maces & Flails
 + Level 2.5(2.3) Armour
 - Level 0.8(0.6) Dodging
 - Level 3.5(3.2) Shields
 - Level 7.0(6.8) Invocations


You had 7 spell levels left.
You didn't know any spells.

Dungeon Overview and Level Annotations

Branches:
Dungeon (8/15)             Temple (0/1) D:4
   Lair: D:8-11

Altars:
The Shining One

Shops:
D:4 *

Annotations:
D:6 Edmund
D:7 corrupted


Innate Abilities, Weirdness & Mutations

You have a pair of small horns on your head.
You are partially covered in icy blue scales (AC +1).
You sometimes gain power by taking damage.
Your flesh is heat resistant.


Message History

The thrashing horror barely misses you. The thrashing horror tramples you.
* * * LOW HITPOINT WARNING * * *
You hold your ground!
You climb downwards.
A giant frog and an orc come into view.
The killer bee stings you.
* * * LOW HITPOINT WARNING * * *
You block the killer bee's attack.
The giant frog moves out of view.
The killer bee stings you.
* * * LOW HITPOINT WARNING * * *
The killer bee stings you.
* * * LOW HITPOINT WARNING * * *
There is a stone staircase leading up, spattered with blood here.
Press: ? - help, Shift-Dir - straight line, f - killer bee
Aim: a killer bee (chance to defeat MR: 85%)
The killer bee is devoured by a tear in reality.
Lugonu claims a new guest.
You are feeling very hungry.
The killer bee stings you.
You die...

#.......
.......
......
###....
#.#...
#.§..# #§..#
#@.#
#..yy..#
...h....#.#
....#..y...#
... ##..# ##
#.


Fo.. . .... ..... You could see a giant frog, a hound, 3 killer bees and an orc.

Vanquished Creatures
  Sigmund (D:5)
  A water moccasin (D:5)
  A phantom (D:5)
  An ice beast (D:6)
  2 ogres
  A centaur (D:5)
  4 big kobolds (D:5)
  A giant frog (D:5)
  A scorpion (D:4)
  A crimson imp (D:6)
  An orc priest (D:4)
  2 orc wizards (D:6)
  A giant frog skeleton (D:5)
  A worker ant (D:5)
  8 gnolls (D:5)
  8 adders
  2 oozes
  An adder skeleton (D:4)
  5 worms
  5 giant geckos
  26 orcs
  7 giant cockroaches
  31 goblins
  27 hobgoblins
  12 jackals
  19 kobolds
  A quokka (D:5)
  5 bats
  7 giant newts
  A jackal skeleton (D:4)
  8 rats
  A plant (D:2)
193 creatures vanquished.

Vanquished Creatures (others)
  A hippogriff (D:7)
  A phantom (D:4)
  A killer bee (D:8)
  9 wights (D:7)
  A jelly (D:6)
  A giant frog skeleton (D:7)
  A worker ant (D:7)
  A gnoll (D:5)
  An adder (D:7)
  A giant cockroach (D:7)
  A goblin (D:5)
19 creatures vanquished.

Grand Total: 212 creatures vanquished

Notes
Turn   | Place    | Note
--------------------------------------------------------------
     0 | Abyss:1  | Ijustatesigmund the Demonspawn Abyssal Knight began the quest for the Orb.
     0 | Abyss:1  | Reached XP level 1. HP: 18/18 MP: 2/2
    37 | D:1      | Escaped the Abyss
   317 | D:1      | Gained mutation: You sometimes gain a little power by taking damage. [demonic ancestry]
   317 | D:1      | Reached XP level 2. HP: 2/24 MP: 2/4
   871 | D:1      | Reached ** piety under Lugonu
  1399 | D:2      | Gained mutation: Your flesh is heat resistant. [potion of beneficial mutation]
  1467 | D:2      | Gained mutation: You have a pair of small horns on your head. [demonic ancestry]
  1467 | D:2      | Reached XP level 3. HP: 27/29 MP: 5/5
  2098 | D:2      | Reached XP level 4. HP: 25/35 MP: 6/6
  2121 | D:2      | Reached *** piety under Lugonu
  2129 | D:2      | Reached skill level 4 in Invocations
  3232 | D:3      | Reached XP level 5. HP: 23/42 MP: 8/8
  3496 | D:3      | Reached **** piety under Lugonu
  3498 | D:3      | Noticed an ogre
  3510 | D:3      | Killed an ogre
  3683 | D:4      | Reached skill level 5 in Invocations
  3683 | D:4      | Reached XP level 6. HP: 28/48 MP: 9/9
  4071 | D:4      | Found a staircase to the Ecumenical Temple.
  4164 | D:4      | Found Qamuhowk's Assorted Antiques.
  4187 | D:4      | Bought a scroll labeled QUSENI WETHOPH for 25 gold pieces
  4187 | D:4      | Bought a scroll labeled JUWYUF ZOGGU for 25 gold pieces
  4187 | D:4      | Bought a scroll of identify for 50 gold pieces
  4187 | D:4      | Bought 2 fuming green potions for 45 gold pieces
  4617 | D:4      | Found a glowing golden altar of the Shining One.
  4735 | D:5      | Entered Level 5 of the Dungeon
  4837 | D:5      | Noticed a water moccasin
  4840 | D:5      | Reached skill level 5 in Maces & Flails
  4840 | D:5      | Gained mutation: You are partially covered in icy blue scales (AC +1). [demonic ancestry]
  4840 | D:5      | Reached XP level 7. HP: 25/55 MP: 11/11
  4856 | D:5      | Reached skill level 5 in Fighting
  4856 | D:5      | Reached skill level 6 in Invocations
  5761 | D:5      | Noticed Sigmund
  5776 | D:5      | Killed Sigmund
  5867 | D:5      | Gained mutation: You sometimes gain power by taking damage. [demonic ancestry]
  5867 | D:5      | Reached XP level 8. HP: 63/63 MP: 11/13
  6177 | D:5      | Reached skill level 7 in Invocations
  6346 | D:5      | Reached skill level 1 in Shields
  6582 | D:5      | Reached ***** piety under Lugonu
  7575 | D:6      | Noticed Edmund
  7612 | D:7      | Corrupted D:7
  7612 | D:7      | Noticed an orange demon
  7615 | D:7      | Noticed a thrashing horror
  7638 | D:7      | Noticed a raiju
  7642 | D:8      | HP: 3/64 [killer bee (2)]
  7643 | D:8      | Slain by a killer bee

Vault maps used:
D:1:      scummos_arrival_gate, hex_tiny, roderic_malta_cross
D:2:      serial_forest, infiniplex_forest_clump_small,
          infiniplex_forest_clump_tiny, infiniplex_forest_straight_3,
          infiniplex_forest_join, infiniplex_forest_straight_4,
          infiniplex_forest_clump_curved, infiniplex_forest_straight_5
D:3:      first_bread
D:4:      lemuel_coloured_pillars_altar, minmay_temple_entry_nine_rooms,
          serial_shops, shop
D:5:      minmay_goblin_kobold_castle, uniq_sigmund
D:6:      yredelemnul_forgotten_temple_becter, uniq_edmund
D:7:      gammafunk_temple_overflow_wave

Action                   |  1- 3 |  4- 6 |  7- 9 || total
-------------------------+-------+-------+-------++-------
Melee: Mace              |   112 |    67 |       ||   179
       Flail             |       |   220 |   272 ||   492
Invok: Banish            |       |     2 |     3 ||     5
       Bend Space        |       |       |     4 ||     4
       Corrupt           |       |       |     1 ||     1
 Abil: Evoke Berserk Rag |     2 |     2 |     2 ||     6
       Evoke Flight      |       |       |     1 ||     1
Evoke: Wand              |       |       |     2 ||     2
  Use: Scroll            |     8 |    11 |     5 ||    24
       Potion            |     1 |     1 |     6 ||     8
 Stab: Sleeping          |     1 |       |     1 ||     2
  Eat: Chunk             |     5 |     9 |     9 ||    23
       Pizza             |       |     1 |       ||     1
       Royal jelly       |       |       |     2 ||     2
